 Dungeon Crawl Stone Soup version 0.31.0-32-g396128a36d (webtiles) character file.

Game seed: 4827732695202325989

2373 James the Skirmisher (level 9, -7/74 HPs)
             Began as a Yellow Draconian Hunter on Mar 16, 2024.
             Mangled by a two-headed ogre
             ... wielding a +0 giant club
              (18 damage)
             ... on level 7 of the Dungeon.
             The game lasted 00:19:24 (6403 turns).

James the Skirmisher (Yellow Draconian Hunter)      Turns: 6403, Time: 00:19:25

Health: -7/74      AC:  9    Str: 14    XL:     9   Next: 21%
Magic:  9/9        EV: 14    Int: 10    God:
Gold:   308        SH:  0    Dex: 18    Spells: 8/8 levels left

rFire   . . .        b - +0 dagger (venom)
rCold   . . .        (no shield)
rNeg    . . .        (body armour unavailable)
rPois   .            (helmet restricted)
rElec   .            (no cloak)
rCorr   +            y - +1 pair of gloves
SInv    .            (no boots)
Will    .....        e - amulet of regeneration
Stlth   ++           (no ring)
HPRegen 1.12/turn    (no ring)
MPRegen 0.11/turn

%: no passive effects
@: short of breath, slowed, very slow
A: spit acid, AC +7, unfitting armour, cold-blooded, acid resistance
a: Breathe Acid


You were on level 7 of the Dungeon.
You visited 1 branch of the dungeon, and saw 7 of its levels.

You collected 378 gold pieces.
You spent 70 gold pieces at shops.

Inventory:

Hand Weapons
 a - a +0 shortbow
 b - a +0 dagger of venom (weapon)
   (You found it on level 2 of the Dungeon)
 i - a +0 short sword
   (You found it on level 1 of the Dungeon)
 j - a +0 longbow
   (You found it on level 1 of the Dungeon)
 n - a +2 hammer of protection
   (You found it on level 4 of the Dungeon)
 o - a +1 spear of flaming
   (You took it off a gnoll on level 5 of the Dungeon)
 q - a +4 dagger of speed
   (You took it off Ijyb on level 2 of the Dungeon)
 t - a +0 hand axe of venom
   (You found it on level 5 of the Dungeon)
 v - a +2 whip of freezing
   (You took it off an orc on level 3 of the Dungeon)
 w - a +3 dagger of speed
   (You took it off a kobold on level 3 of the Dungeon)
 x - a +2 dagger of speed
   (You took it off a goblin on level 3 of the Dungeon)
 F - a +3 battleaxe of freezing
   (You took it off a wight on level 5 of the Dungeon)
 G - a +3 great sword
   (You took it off a wight on level 6 of the Dungeon)
Missiles
 c - 2 throwing nets {!f}
 f - 9 poisoned darts
 D - 4 javelins
Armour
 y - a +1 pair of gloves (worn)
   (You found it on level 4 of the Dungeon)
Magical Staves
 r - a staff of alchemy
   (You found it on level 3 of the Dungeon)
 u - a staff of fire
   (You found it on level 3 of the Dungeon)
Jewellery
 e - an amulet of regeneration (around neck)
   (You found it on level 1 of the Dungeon)
 E - a ring of ice
   (You found it on level 6 of the Dungeon)
Wands
 d - a wand of iceblast (26)
   (You took it off Ijyb on level 2 of the Dungeon)
Scrolls
 g - a scroll of butterflies
 k - a scroll of revelation
 p - 5 scrolls of teleportation {@r4}
 z - a scroll of poison {!r}
 A - 2 scrolls of amnesia {unknown}
 B - a scroll of identify {@r1}
Potions
 h - a potion of curing {@q1}
 l - a potion of mutation {!q}
 m - a potion of enlightenment
 s - a potion of magic
 C - a potion of heal wounds {@q2}


   Skills:
 + Level 5.1 Fighting
 * Level 10.6 Ranged Weapons
 + Level 4.2 Dodging
 - Level 0.8 Stealth


You had 8 spell levels left.
You didn't know any spells.
Your spell library contained the following spells:

 Spells                   Type           Power      Damage    Failure   Level
 Necrotise                Necr           0%         1d4       36%         1
 Ensorcelled Hibernation  Hex/Ice        0%         N/A       50%         2
 Sublimation of Blood     Necr           0%         N/A       50%         2
 Gell's Gravitas          Tloc           0%         N/A       75%         3
 Stone Arrow              Conj/Erth      0%         3d7       75%         3
 Teleport Other           Tloc           0%         N/A       75%         3
 Vampiric Draining        Necr           0%         2d6       75%         3
 Leda's Liquefaction      Alch/Erth      0%         N/A       98%         4
 Martyr's Knell           Necr/Summ      0%         N/A       98%         4
 Olgreb's Toxic Radiance  Alch           0%         N/A       98%         4
 Petrify                  Alch/Erth      0%         N/A       98%         4
 Curse of Agony           Necr           0%         N/A       100%        5
 Irradiate                Conj/Alch      0%         3d11      100%        5
 Dispersal                Tloc           0%         N/A       100%        6
 Enfeeble                 Hex            0%         N/A       100%        7
 Ozocubu's Refrigeration  Ice            0%         4d7       100%        7
 Discord                  Hex            0%         N/A       100%        8


Dungeon Overview and Level Annotations

Branches:
Dungeon (7/15)
 Temple: D:4-7

Altars:
Dithmenos
Ru
Trog

Shops:
D:3 (   D:5 (   D:6 (**

Annotations:
D:4 1 runed translucent door, Crazy Yiuf, Eustachio


Innate Abilities, Weirdness & Mutations

You can spit globs of acid.
Your golden yellow scales are hard. (AC +7)
You cannot fit into any form of body armour.
You are cold-blooded and may be slowed by cold attacks.
You are resistant to acid. (rCorr)


Message History

You feel sick.
You shoot an arrow. The arrow hits the kobold brigand.
You feel sick.
A two-headed ogre comes into view.
It is wielding a +0 giant club and a +0 giant spiked club.
You shoot an arrow. The two-headed ogre shouts in stereo!
The arrow hits the kobold brigand.
You feel sick.
The kobold brigand throws a curare-tipped dart.
The curare-tipped dart hits you.
You are more poisoned.
You have difficulty breathing.
You feel as though you will be slow longer.
You shoot an arrow. The arrow hits the kobold brigand.
You feel very sick.
The kobold brigand throws a curare-tipped dart.
The curare-tipped dart barely misses you.
You shoot an arrow. The arrow hits the kobold brigand!
You feel very sick.
You shoot an arrow.
The arrow closely misses the kobold brigand.
You feel very sick.
You shoot an arrow. The arrow hits the kobold brigand.
You feel sick.
The kobold brigand zaps a wand.
You easily resist.
You shoot an arrow. The arrow hits the kobold brigand.
You kill the kobold brigand!
You feel sick.
Your +0 dagger of venom begins to drip with poison!
b - a +0 dagger of venom (weapon)
You feel sick.
The two-headed ogre hits you with a +0 giant club!
* * * LOW HITPOINT WARNING * * *
The two-headed ogre hits you with a +0 giant spiked club!
* * * LOW HITPOINT WARNING * * *
You hit the two-headed ogre.
The two-headed ogre is poisoned.
You tail-slap the two-headed ogre.
You feel sick.
The two-headed ogre hits you with a +0 giant club.
* * * LOW HITPOINT WARNING * * *
The two-headed ogre hits you with a +0 giant spiked club!
* * * LOW HITPOINT WARNING * * *
You feel sick.
The two-headed ogre attacks as it pursues you!
The two-headed ogre closely misses you. The two-headed ogre barely misses you.
Press: ? - help, Shift-Dir - straight line, f - two-headed ogre
Aim: a two-headed ogre, wielding a +0 giant club and a +0 giant spiked club (lightly wounded, very poisoned, 83% to hit)
You spit a glob of acid.
The glob of acid hits the two-headed ogre!
You feel sick.
You are no longer poisoned.
The two-headed ogre hits you with a +0 giant club!!
You die...

. ##########....
##....@O$....$.
##..########....
#>..).# . #.###.#
#.# #.###### #.#
#..))..######
#.########......#
.......###......##
#.##.............#


You could see a two-headed ogre (very poisoned).

Vanquished Creatures
  A steam dragon (D:7)
  Menkaure (D:4)
  A black bear (D:6)
  An orc warrior (D:7)
  An ogre (D:4)
  A sky beast (D:6)
  A centaur (D:7)
  2 phantoms
  A kobold brigand (D:7)
  A gnoll sergeant (D:5)
  2 bullfrogs
  3 scorpions
  4 wights
  A howler monkey (D:4)
  3 jellies
  3 bombardier beetles
  5 hounds
  2 iguanas (D:5)
  2 sleepcaps
  Ijyb (D:2)
  4 orc wizards
  9 gnolls
  9 adders
  A white imp (D:6)
  2 ufetubi (D:6)
  A ribbon worm (D:3)
  3 dart slugs
  7 orcs
  5 ball pythons
  3 endoplasms
  2 giant cockroaches
  22 goblins
  8 hobgoblins
  10 jackals
  6 quokkas
  3 bats (D:2)
  5 frilled lizards
  10 kobolds
  6 rats
153 creatures vanquished.

Notes
Turn   | Place    | Note
-------+----------+-------------------------------------------
     0 | D:1      | James the Draconian Hunter began the quest for the Orb.
     0 | D:1      | Reached XP level 1. HP: 17/17 MP: 1/1
     2 | D:1      | Noticed a vampire
     2 | D:1      | Noticed a spriggan
     4 | D:1      | Noticed a ghoul
     6 | D:1      | Noticed a barachi
     6 | D:1      | Noticed an armataur
     8 | D:1      | Noticed an oni
     8 | D:1      | Noticed a troll
    10 | D:1      | Noticed a demigod
    12 | D:1      | Noticed a vine stalker
    12 | D:1      | Noticed an octopode
    14 | D:1      | Noticed a human
    17 | D:1      | Noticed a djinni
    17 | D:1      | Noticed a felid
    19 | D:1      | Noticed a minotaur
    19 | D:1      | Noticed a demonspawn
    21 | D:1      | Noticed a formicid
    21 | D:1      | Noticed a naga
    23 | D:1      | Noticed a merfolk
    23 | D:1      | Noticed a gargoyle
    25 | D:1      | Noticed a draconian
    27 | D:1      | Noticed a tengu
    27 | D:1      | Noticed an elf
   317 | D:1      | Reached skill level 4 in Ranged Weapons
   329 | D:1      | Reached XP level 2. HP: 24/24 MP: 2/2
   512 | D:1      | Found a faded altar of an unknown god.
   828 | D:1      | Reached XP level 3. HP: 29/29 MP: 3/3
  1456 | D:2      | Noticed Ijyb
  1472 | D:2      | Reached skill level 5 in Ranged Weapons
  1475 | D:2      | Killed Ijyb
  1476 | D:2      | Reached XP level 4. HP: 29/36 MP: 4/4
  1758 | D:3      | Found a shadowy altar of Dithmenos.
  1903 | D:3      | Found Isudoq's Antique Weapon Shoppe.
  1914 | D:3      | Found a bloodstained altar of Trog.
  1990 | D:3      | Reached XP level 5. HP: 41/41 MP: 5/5
  2398 | D:3      | Reached skill level 6 in Ranged Weapons
  2891 | D:4      | Noticed Eustachio
  2901 | D:4      | Noticed an ogre
  3414 | D:4      | Reached XP level 6. HP: 48/48 MP: 6/6
  3424 | D:4      | Noticed Menkaure
  3433 | D:4      | Killed Menkaure
  3434 | D:4      | Reached skill level 7 in Ranged Weapons
  3511 | D:4      | Found a runed translucent door.
  3512 | D:4      | Noticed Crazy Yiuf
  3596 | D:4      | Your scales start taking on a golden yellow colour.
  3596 | D:4      | Reached XP level 7. HP: 55/55 MP: 7/7
  3596 | D:4      | Gained mutation: You are resistant to acid. (rCorr) [Yellow
                  | Draconian growth]
  3611 | D:4      | Got the Codex of the Cursed Xenolith
  3707 | D:5      | Entered Level 5 of the Dungeon
  3726 | D:4      | Reached skill level 8 in Ranged Weapons
  4044 | D:5      | Found Jene's Weapon Shop.
  4146 | D:5      | Reached skill level 9 in Ranged Weapons
  4601 | D:6      | Reached XP level 8. HP: 60/62 MP: 8/8
  4847 | D:6      | Found Esmaciah's Specific Store.
  4849 | D:6      | Found Ownig's General Store.
  4862 | D:6      | Bought a potion of heal wounds for 70 gold pieces
  4889 | D:6      | Found a sacrificial altar of Ru.
  5376 | D:6      | Reached skill level 10 in Ranged Weapons
  5607 | D:6      | Found Qainab's Weapon Shoppe.
  5942 | D:7      | Reached XP level 9. HP: 72/72 MP: 9/9
  6360 | D:7      | Reached skill level 5 in Fighting
  6393 | D:7      | Noticed a two-headed ogre
  6403 | D:7      | Mangled by a two-headed ogre

Illustrated notes

Levels and vault maps discovered:
D:1:      kb_arrival_jail, layout_loops_corners,
          ebering_ecumenical_altar_petrified, hangedman_abyss_or_decor_stabs,
          minmay_stone_trees_small
D:2:      kennysheep_the_goblin_king, layout_basic
D:3:      layout_loops_corners, general_overflow_altar,
          mainiacjoe_overflow_alcove_4, serial_shops, shop
D:4:      layout_basic, minmay_goblin_outpost, uniq_eustachio,
          uniq_crazy_yiuf_cottage, uniq_menkaure
D:5:      layout_cave_pools, serial_shops, shop
D:6:      layout_basic, mainiacjoe_overflow_paths, serial_shops, shop,
          nicolae_specific_store, minmay_hedge_maze
D:7:      lemuel_ice_spiral_2, layout_basic, minmay_temple_entry_glassed_door,
          minmay_quadrilaterals

Skill      XL: |  1  2  3  4  5  6  7  8  9 |
---------------+----------------------------+-----
Ranged Weapons | 4 5 6 7 9 10 | 10.6
Dodging        | 2 3 4 |  4.2
Fighting       | 4 5 |  5.1
Stealth        | |  0.8

Action                     |  1- 3 |  4- 6 |  7- 9 || total
---------------------------+-------+-------+-------++-------
  Melee: Dagger            |       |       |    37 ||    37
         Tailslap          |       |       |     5 ||     5
   Fire: Shortbow          |   105 |   203 |   399 ||   707
         Longbow           |    29 |       |       ||    29
Ability: Breathe Acid      |       |       |     2 ||     2
    Use: Scroll            |       |    10 |     1 ||    11
 Armour: Skin              |    34 |    80 |   176 ||   290
  Dodge: Dodged            |    39 |    66 |   160 ||   265
